 Dungeon Crawl Stone Soup version 0.25-a0-102-gbfa96ce22d (webtiles) character file.

Game seed: 14319030687790563416, levelgen mode: deterministic

2452 vurker the Thaumaturge (level 9, -3/66 HPs)
             Began as a Mummy Fire Elementalist on Nov 15, 2019.
             Was an Initiate of Gozag.
             Killed from afar by a fire dragon (15 damage)
             ... with a blast of flame
             ... on level 8 of the Dungeon.
             The game lasted 00:15:35 (8241 turns).

vurker the Thaumaturge (Mummy Fire Elementalist)    Turns: 8241, Time: 00:15:36

Health: -3/66      AC:  6    Str: 11    XL:     9   Next: 25%
Magic:  21/21      EV: 12    Int: 18    God:    Gozag
Gold:   553        SH:  0    Dex: 12    Spells: 12/25 levels left

rFire    + . .     SeeInvis .   m - staff of fire
rCold    + . .     Gourm    .   (no shield)
rNeg     + + +     Faith    .   p - +1 robe {rF+}
rPois    ∞         Spirit   .   h - +1 helmet
rElec    .         Reflect  .   g - +0 cloak
rCorr    .         Harm     +   (no gloves)
MR       ++...                  (no boots)
Stlth    ++........             q - amulet of harm
HPRegen  0.21/turn              i - ring of protection from magic
MPRegen  0.17/turn              (no ring)

@: gold aura
A: no food or potions, fire vulnerability, cold resistance 1, negative energy
resistance 3, torment resistance, unbreathing
a: Potion Petition, Call Merchant, Bribe Branch, Renounce Religion


You were on level 8 of the Dungeon.
You worshipped Gozag.
Gozag was pleased with you.
You were not hungry.

You visited 2 branches of the dungeon, and saw 9 of its levels.

You collected 802 gold pieces.
You spent 172 gold pieces at shops.
You paid 77 gold pieces to Gozag.

Inventory:

Armour
 g - a +0 cloak (worn)
   (You found it on level 1 of the Dungeon)
 h - a +1 helmet (worn)
   (You found it on level 3 of the Dungeon)
 p - a +1 robe of fire resistance (worn)
   (You took it off an orc wizard on level 4 of the Dungeon)
Magical Staves
 m - an uncursed staff of fire (weapon)
   (You found it on level 4 of the Dungeon)
Jewellery
 i - a ring of protection from magic (left hand)
   (You took it off a goblin on level 3 of the Dungeon)
 q - an amulet of harm (around neck)
   (You found it on level 5 of the Dungeon)
Wands
 k - a wand of scattershot (2)
   (You found it on level 6 of the Dungeon)
Scrolls
 a - 2 scrolls of enchant weapon
 b - 7 scrolls of remove curse
 c - a scroll of enchant armour
 d - 2 scrolls of immolation
 f - 2 scrolls of amnesia
 j - 2 scrolls of magic mapping
 l - 2 scrolls of fear
 n - 2 scrolls of teleportation
 o - 3 scrolls of blinking
 r - a scroll of identify


   Skills:
 + Level 4.4 Fighting
 - Level 1.5 Dodging
 - Level 1.5 Stealth
 * Level 8.5 Spellcasting
 * Level 5.5 Conjurations
 * Level 6.1 Fire Magic
 + Level 0.0 Evocations


You had 12 spell levels left.
You knew the following spells:

 Your Spells              Type           Power        Failure   Level  Hunger
a - Flame Tongue          Conj/Fire      #####        1%          1    N/A
c - Conjure Flame         Conj/Fire      #####...     2%          3    N/A
q - Sticky Flame          Conj/Fire      #####...     9%          4    N/A
z - Fireball              Conj/Fire      #####.....   24%         5    N/A

Your spell library contained the following spells:

 Spells                   Type           Power        Failure   Level  Hunger
 Throw Flame              Conj/Fire      #####.       1%          2    N/A
 Inner Flame              Hex/Fire       ####....     8%          3    N/A
 Animate Skeleton         Necr           N/A          10%         1    N/A
 Pain                     Necr           #...         10%         1    N/A
 Vampiric Draining        Necr           #.........   28%         3    N/A
 Animate Dead             Necr           N/A          67%         4    N/A
 Regeneration             Chrm/Necr      Unusable     N/A         3    N/A

Dungeon Overview and Level Annotations

Branches:
Dungeon (8/15)             Temple (1/1) D:5
   Lair: D:8-11

Altars:
Ashenzari
Cheibriados
Dithmenos
Elyvilon
Fedhas
Gozag
Hepliaklqana
Kikubaaqudgha
Nemelex Xobeh
Okawaru
Qazlal
Ru
Sif Muna
Trog
Uskayaw
Vehumet
Wu Jian
Yredelemnul
Zin
The Shining One

Shops:
D:4 :(*[   D:5 (   D:6 *


Innate Abilities, Weirdness & Mutations

You do not eat or drink.
Your flesh is vulnerable to fire.
You are immune to poison.
Your flesh is cold resistant. (rC+)
You are immune to negative energy. (rN+++)
You are immune to unholy pain and torment.
You can survive without breathing.


Message History

You can't see any susceptible monsters within range! (Use Z to cast anyway.)
Aim: an adder (resting)
You feel a surge of power!
The flame tongue hits the adder!
The adder hisses angrily.
Aim: an adder (almost dead)
You feel a surge of power!
The flame tongue hits the adder.
You kill the adder!
Okay, then.
You now have 527 gold pieces (gained 6).
You now have 541 gold pieces (gained 14).
There is a stone staircase leading down here.
The fire dragon roars deafeningly!
You hear an angry hiss.
You hear a bark!
The fire dragon is too close now for your liking.
A fire dragon is nearby!
Okay, then.
That's the wrong kind of item! (Use * to select it.)
Okay, then.
Unknown command.
The fire dragon breathes flames at you. The blast of flame hits you!!
You resist.
A leopard gecko comes into view.
You hear a bark!
You hear a loud, deep croak!
You hear a shout!
Aim: a fire dragon (catching its breath)
You create a blast of noxious fumes!
The now-empty wand crumbles to dust.
Aim: a fire dragon (noxious fumes, catching its breath)
The burst of metal fragments hits the fire dragon!
The burst of metal fragments hits the fire dragon but does no damage.
The burst of metal fragments hits the fire dragon!
You hear a loud, deep croak!
Aim: a fire dragon (noxious fumes, moderately wounded, catching its breath)
The burst of metal fragments hits the fire dragon but does no damage. x3
Aim: a fire dragon (noxious fumes, moderately wounded, catching its breath)
The burst of metal fragments hits the fire dragon.
The burst of metal fragments hits the fire dragon but does no damage. x2
You now have 547 gold pieces (gained 6).
The fire dragon bites you!
* * * LOW HITPOINT WARNING * * *
The fire dragon misses you. The fire dragon tramples you!
* * * LOW HITPOINT WARNING * * *
You stumble backwards!
A bullfrog comes into view.
The bullfrog is engulfed in noxious fumes.
The bullfrog appears confused.
The bullfrog is engulfed in noxious fumes.
The bullfrog appears confused.
You now have 553 gold pieces (gained 6).
The fire dragon breathes flames at you. The blast of flame hits you!
You resist.
You die...
Your body crumbles into a pile of gold.

...# ...... #.....## .
##.....# ..# ##......#
....
#.......#######☼§...
#..........>.§§§§...
#..##.#.......§F§...
##...###.@.D.....§...
.#.........###........
.........#.# ##.......
.........### ........
.........># .........
...#.###..##..!.......
. # ##.......##...
###.......# ...
#.<........


You could see a fire dragon and a bullfrog (confused).

Vanquished Creatures
  Pikel (D:4)
  Sigmund (D:3)
  A soldier ant (D:7)
  2 black bears
  4 slaves (D:4)
  2 ice beasts (D:7)
  An ogre (D:6)
  A centaur (D:5)
  3 bullfrogs
  A scorpion (D:4)
  A vampire bat (D:4)
  A howler monkey (D:5)
  2 bullfrog zombies
  4 jellies
  2 hounds
  An orc priest (D:7)
  Crazy Yiuf (D:6)
  4 orc wizards
  2 iguanas (D:6)
  7 worker ants
  Robin (D:4)
  4 gnolls (D:4)
  7 adders
  A shadow imp (D:6)
  An ooze (D:3)
  An adder skeleton (D:6)
  An adder zombie (D:8)
  3 worms
  3 dart slugs
  3 leopard geckos
  10 orcs
  6 giant cockroaches
  14 goblins
  8 hobgoblins
  5 quokkas
  3 ball pythons
  22 bats
  3 frilled lizards
  8 kobolds
  2 kobold skeletons (D:8)
  A leopard gecko zombie (D:3)
  A quokka zombie (D:5)
  18 rats
168 creatures vanquished.

Vanquished Creatures (others)
  A bullfrog (D:8)
  An iguana (D:8)
2 creatures vanquished.

Grand Total: 170 creatures vanquished

Notes
Turn   | Place    | Note
-------+----------+-------------------------------------------
     0 | D:1      | vurker the Mummy Fire Elementalist began the quest for the
                  | Orb.
     0 | D:1      | Reached XP level 1. HP: 13/13 MP: 4/4
   196 | D:1      | Reached skill level 1 in Conjurations
   293 | D:1      | Reached skill level 3 in Spellcasting
   408 | D:1      | Reached XP level 2. HP: 16/19 MP: 1/6
  1249 | D:2      | Reached XP level 3. HP: 25/25 MP: 1/7
  1979 | D:3      | Noticed Sigmund
  2111 | D:3      | Reached skill level 1 in Fighting
  2111 | D:3      | Reached XP level 4. HP: 28/32 MP: 2/9
  2241 | D:3      | Found an ancient bone altar of Kikubaaqudgha.
  2282 | D:3      | Found a glowing golden altar of the Shining One.
  2323 | D:3      | Reached skill level 4 in Spellcasting
  2594 | D:3      | Reached XP level 5. HP: 37/37 MP: 7/11
  2992 | D:3      | Killed Sigmund
  2992 | D:3      | Reached XP level 6. HP: 17/44 MP: 5/13
  3432 | D:4      | Found a shimmering blue altar of Sif Muna.
  3452 | D:4      | Reached skill level 5 in Spellcasting
  3579 | D:4      | Noticed a slave
  3579 | D:4      | Noticed a slave
  3579 | D:4      | Noticed a slave
  3596 | D:4      | Killed a slave
  3699 | D:4      | Killed a slave
  4014 | D:4      | Noticed Pikel
  4014 | D:4      | Noticed a slave
  4023 | D:4      | Killed a slave
  4026 | D:4      | Killed Pikel
  4026 | D:4      | Reached skill level 6 in Spellcasting
  4026 | D:4      | Reached XP level 7. HP: 43/52 MP: 7/16
  4631 | D:4      | Found a bloodstained altar of Trog.
  4670 | D:4      | Found Dolelasuu's Antique Armour Emporium.
  4672 | D:4      | Found Tezxas's Weapon Shoppe.
  4683 | D:4      | Reached XP level 8. HP: 58/58 MP: 13/17
  4745 | D:4      | Found Heuvveuf's Book Boutique.
  4774 | D:4      | Found Paokuoh's General Store.
  4781 | D:4      | Bought a scroll of blinking for 97 gold pieces
  4781 | D:4      | Bought a scroll of magic mapping for 45 gold pieces
  4832 | D:4      | Found a shadowy altar of Dithmenos.
  4832 | D:4      | Found an opulent altar of Gozag.
  4832 | D:4      | Found a basalt altar of Yredelemnul.
  4839 | D:4      | Became a worshipper of Gozag Ym Sagoz the Greedy
  4949 | D:4      | Learned a level 4 spell: Sticky Flame
  4953 | D:4      | Learned a level 3 spell: Conjure Flame
  4959 | D:4      | Learned a level 5 spell: Fireball
  5000 | D:4      | Noticed Robin
  5047 | D:4      | Killed Robin
  5440 | D:5      | Entered Level 5 of the Dungeon
  5633 | D:5      | Found a staircase to the Ecumenical Temple.
  5646 | Temple   | Entered the Ecumenical Temple
  5767 | D:5      | Reached skill level 5 in Fire Magic
  5903 | D:5      | Found Ocygiese's Weapon Boutique.
  5949 | D:5      | Found a stormy altar of Qazlal.
  5950 | D:5      | Noticed an air elemental
  6071 | D:5      | Reached skill level 7 in Spellcasting
  6455 | D:6      | Found Facuf's Assorted Antiques.
  6471 | D:6      | Found a snail-covered altar of Cheibriados.
  6476 | D:6      | Bought a scroll labeled ADAZXY LUEK for 30 gold pieces
  6614 | D:6      | Reached skill level 5 in Conjurations
  6746 | D:6      | Found a runed translucent door.
  6747 | D:6      | Noticed Crazy Yiuf
  6753 | D:6      | Killed Crazy Yiuf
  7293 | D:7      | Reached skill level 8 in Spellcasting
  7293 | D:7      | Reached XP level 9. HP: 65/65 MP: 13/21
  7510 | D:7      | Found a white marble altar of Elyvilon.
  8001 | D:8      | Noticed a fire dragon
  8241 | D:8      | Killed from afar by a fire dragon

Levels and vault maps discovered:
D:1:      nicolae_arrival_somewhat_less_tricky_arrival, layout_loops_ring,
          moated_statue
D:2:      layout_basic, first_ration
D:3:      minmay_octagon_keep, layout_rooms, lemuel_round_altar,
          tso_oasis_becter, uniq_sigmund
D:4:      layout_loops_corners, led_sif_book, lemuel_doored_altar,
          chequers_temple_overflow_statue_of_worship, serial_shops, shop, shop,
          shop, nicolae_shop_waterfront, roderic_batcave,
          minmay_misc_feat_rugged, uniq_pikel, uniq_robin
D:5:      layout_basic, nicolae_qazlal_style_of_elements,
          minmay_temple_entry_gardened_gates, serial_shops,
          nicolae_shop_competitors_out_of_business
D:6:      layout_cave_pools, lemuel_crystal_altar, serial_shops, shop_statue,
          uniq_crazy_yiuf_cottage
D:7:      layout_rooms, elyvilon_altar_5
D:8:      layout_cave_pools, xom_confusion_cloud, minmay_lair_entry_lava,
          grunt_livestock, nicolae_tso_besieged_by_evil
Temple:   compressed_dpeg_circular_temple

Skill      XL: |  1  2  3  4  5  6  7  8  9 |
---------------+----------------------------+-----
Conjurations   | 1 2 3 4 5 |  5.5
Spellcasting   | 3 4 6 8 |  8.5
Fighting       | 1 3 4 |  4.4
Fire Magic     | 3 4 5 6 |  6.1
Dodging        | |  1.5
Stealth        | |  1.5

Action                   |  1- 3 |  4- 6 |  7- 9 || total
-------------------------+-------+-------+-------++-------
Melee: Unarmed           |     9 |       |       ||     9
       Short sword       |     3 |       |       ||     3
       Dagger            |     1 |     8 |       ||     9
       Staff             |       |       |    16 ||    16
 Cast: Flame Tongue      |    86 |   109 |   196 ||   391
       Sticky Flame      |       |       |     6 ||     6
       Conjure Flame     |       |       |     2 ||     2
Evoke: Wand              |       |     2 |     5 ||     7
  Use: Scroll            |     5 |       |     5 ||    10
Armor: Robe              |    18 |    14 |    43 ||    75
Dodge: Dodged            |    49 |    39 |    78 ||   166

Table legend:
 A = Non-vault XP
 B = Vault XP
 C = Vault XP percentage of total XP
 D = Non-vault monster count
 E = Vault monster count
 F = Vault count percentage of total count
                 A         B        C        D         E       F
            +---------+---------+-------+---------+---------+-------
      Total |    2380 |    1124 |  32.1 |     121 |      43 |  26.2
            +---------+---------+-------+---------+---------+-------
        D:1 |      35 |       0 |   0.0 |      23 |       0 |   0.0
        D:2 |      46 |       2 |   4.2 |      19 |       1 |   5.0
        D:3 |     140 |     227 |  61.9 |      20 |      15 |  42.9
        D:4 |     239 |     854 |  78.1 |      12 |      24 |  66.7
        D:5 |     369 |       0 |   0.0 |      12 |       0 |   0.0
        D:6 |     658 |      39 |   5.6 |      14 |       1 |   6.7
        D:7 |     796 |       0 |   0.0 |      16 |       0 |   0.0
        D:8 |      97 |       2 |   2.0 |       5 |       2 |  28.6
            +---------+---------+-------+---------+---------+-------
